 Dungeon Crawl Stone Soup version 0.19.1-1-g22dce08 (webtiles) character file.

6798 Peloso the Carver (level 10, 0/88 HPs)
             Began as a Minotaur Fighter on Jan 15, 2017.
             Killed from afar by a starcursed mass (11 damage)
             ... with an accursed screaming
             ... on level 4 of the Abyss.
             The game lasted 00:31:18 (7863 turns).

Peloso the Carver (Minotaur Fighter)                Turns: 7863, Time: 00:31:19

Health: 0/88       AC: 19    Str: 22      XL:     10   Next: 76%
Magic:  7/7        EV:  7    Int:  4 (5)  God:
Gold:   502        SH: 11    Dex:  8      Spells: 0 memorised, 9 levels left

rFire  . . .     SeeInvis .     a - +0 long sword
rCold  . . .     Gourm    .     k - +1 plate armour
rNeg   + . .     Faith    .     C - +0 shield
rPois  .         Spirit   .     (helmet restricted)
rElec  .         Reflect  .     x - +0 cloak
rCorr  .         Harm     .     (no gloves)
MR     .....     Rnd*Rage +     D - +1 pair of boots
Stlth  ..........               (no amulet)
                                L - ring of positive energy
                                q - +5 ring of protection

@: no status effects
A: retaliatory headbutt, horns 2, berserk 2, clumsy 2, deformed body,
deterioration 2, low mp 2, slow regeneration 2
a: no special abilities


You were on level 4 of the Abyss.
You were hungry.

You visited 2 branches of the dungeon, and saw 9 of its levels.
You visited the Abyss 1 time.

You collected 502 gold pieces.

Inventory:

Hand Weapons
 a - a +0 long sword (weapon)
 n - a +1 hand axe of flaming
Armour
 k - a +1 plate armour (worn)
 x - a +0 cloak (worn)
 C - a +0 shield (worn)
 D - a +1 pair of boots (worn)
Jewellery
 p - an uncursed ring of fire
 q - a +5 ring of protection (left hand)
 L - a ring of positive energy (right hand)
 M - an uncursed ring of stealth
Wands
 h - a wand of lightning (8/15)
 F - a wand of iceblast (2/15)
Scrolls
 b - 3 scrolls of immolation {unknown}
 c - 2 scrolls of amnesia
 e - 2 scrolls of remove curse
 j - 8 scrolls of identify
 t - a scroll of fog
 w - a scroll of blinking
Potions
 d - a potion of might
 o - a potion of magic
 r - a potion of cancellation
 s - a potion of cure mutation
 A - 2 potions of curing
 H - a potion of brilliance
 I - a potion of flight
Books
 u - a book of Maledictions

   Spells                             Type                      Level
   a - Corona                         Hexes                        1
   b - Ensorcelled Hibernation        Hexes/Ice                    2
   c - Confuse                        Hexes                        3
   d - Tukima's Dance                 Hexes                        3
   e - Dazzling Spray                 Conjuration/Hexes            3
Comestibles
 f - 2 bread rations
 g - 13 fruits
 i - 7 slices of pizza
 m - 4 meat rations


   Skills:
 + Level 8.2 Fighting
 + Level 12.0 Long Blades
 + Level 0.2 Axes
 + Level 10.4 Armour
 + Level 2.9 Dodging
 + Level 0.8 Stealth
 + Level 9.7 Shields


You had 9 spell levels left.
You didn't know any spells.

Dungeon Overview and Level Annotations

Branches:
Dungeon (8/15)             Temple (1/1) D:6
   Lair: D:8-11

Altars:
Ashenzari
Cheibriados
Elyvilon
Fedhas
Gozag
Hepliaklqana
Kikubaaqudgha
Makhleb
Nemelex Xobeh
Qazlal
Ru
Sif Muna
Trog
Uskayaw
Vehumet
Xom
Yredelemnul
Zin
The Shining One

Shops:
D:4 }

Annotations:
D:4 Grinder; Queen's ghost, amateur GrFi


Innate Abilities, Weirdness & Mutations

You reflexively headbutt those who attack you in melee.
You have a pair of horns on your head.
[You often lose your temper in combat.]
[You are very clumsy. (Dex -4)]
[Armour fits poorly on your strangely shaped body.]
[Your body often deteriorates upon taking damage.]
[Your magical capacity is very low. (-20% MP)]
[You do not regenerate when monsters are visible.]


Message History

j - 7 scrolls of identify (gained 1)
i - 7 slices of pizza (gained 1)
j - 8 scrolls of identify (gained 1)
You are feeling hungry.
Found a royal jelly.
A starcursed mass comes into view.
A starcursed mass splits.
A starcursed mass splits.
A starcursed mass splits.
A starcursed mass splits.
A chorus of shrieks assaults your mind.
* * * LOW HITPOINT WARNING * * *
Unknown command.
A chorus of shrieks assaults your mind.
* * * LOW HITPOINT WARNING * * *
A starcursed mass splits.
A chorus of shrieks assaults your mind.
* * * LOW HITPOINT WARNING * * *
A chorus of shrieks assaults your mind.
You die...

# . . # . ## .#
#.# # ##.## #
##..#..## .
.#..@.# ####
......##.###..#
.#..###...#X..# #
.... .#.##XX.###
.# ## .#
####.##.# # ..# #
.### ##...#X.#
.#.# # # .#
#...#.######.%.#.
. . # . ###
##....X.........
.## #.
#.....##.#...##..


You could see 3 starcursed masses.

Vanquished Creatures
  A hydra (D:8)
  A hill giant (D:8)
  Pikel (D:6)
  An ugly thing (D:8)
  Joseph (D:7)
  2 dream sheep (D:8)
  A hippogriff (D:8)
  Sigmund (D:2)
  2 yaks (D:8)
  A hungry ghost (D:8)
  Duvessa (D:6)
  A sky beast (D:5)
  An ice beast (D:5)
  2 orc warriors
  3 slaves (D:6)
  A phantom (D:4)
  3 ogres
  3 centaurs
  3 big kobolds (D:8)
  Blork the orc (D:6)
  2 bullfrogs (D:6)
  Dowan (D:6)
  2 scorpions (D:8)
  8 killer bees (D:8)
  2 vampire bats (D:8)
  An electric eel (D:8)
  6 crimson imps
  2 quasits (D:8)
  3 jellies
  7 orc priests
  3 orc wizards
  3 hounds
  A bullfrog skeleton (D:5)
  3 iguanas
  Ijyb (D:2)
  4 worker ants
  A hound zombie (D:5)
  Robin (D:3)
  A howler monkey zombie (D:8)
  A worker ant zombie (D:8)
  4 gnolls (D:6)
  9 adders
  3 shadow imps
  2 worms
  3 dart slugs
  2 leopard geckos
  32 orcs
  6 ball pythons
  4 bats (D:3)
  4 bat skeletons (D:8)
  A bat zombie (D:8)
  2 giant cockroaches
  15 goblins
  9 hobgoblins
  10 jackals
  12 kobolds
  2 quokkas
  6 frilled lizards
  2 jackal zombies
  A leopard gecko zombie (D:8)
  3 rats
216 creatures vanquished.

Notes
Turn   | Place    | Note
-------+----------+-------------------------------------------
     0 | D:1      | Peloso the Minotaur Fighter began the quest for the Orb.
     0 | D:1      | Reached XP level 1. HP: 19/19 MP: 0/0
    86 | D:1      | Reached XP level 2. HP: 8/27 MP: 1/1
   380 | D:1      | Reached XP level 3. HP: 23/33 MP: 2/2
  1063 | D:2      | Noticed Ijyb
  1077 | D:2      | Killed Ijyb
  1077 | D:2      | Reached skill level 3 in Long Blades
  1077 | D:2      | Reached XP level 4. HP: 37/40 MP: 3/3
  1359 | D:2      | Noticed Sigmund
  1366 | D:2      | Killed Sigmund
  1366 | D:2      | Reached skill level 4 in Long Blades
  1366 | D:2      | Reached skill level 5 in Armour
  1366 | D:2      | Reached skill level 1 in Dodging
  1366 | D:2      | Reached skill level 5 in Shields
  1366 | D:2      | Reached XP level 5. HP: 47/47 MP: 4/4
  1709 | D:2      | Reached XP level 6. HP: 41/53 MP: 5/5
  1785 | D:3      | Noticed Robin
  1936 | D:3      | Killed Robin
  2224 | D:3      | Reached skill level 5 in Long Blades
  2663 | D:4      | Found Wuygolul's Gadget Shoppe.
  2827 | D:4      | Noticed Queen's ghost (amateur GrFi)
  2831 | D:5      | Entered Level 5 of the Dungeon
  2871 | D:5      | Reached XP level 7. HP: 59/60 MP: 6/6
  2881 | D:5      | Reached skill level 6 in Long Blades
  2958 | D:5      | Found a hazy altar of Hepliaklqana.
  2972 | D:5      | Reached skill level 5 in Fighting
  3150 | D:5      | Reached skill level 7 in Long Blades
  3150 | D:5      | Reached XP level 8. HP: 68/68 MP: 7/7
  3489 | D:5      | Noticed a balrug
  3490 | D:5      | Found a burning altar of Makhleb.
  3493 | D:5      | Found a glowing silver altar of Zin.
  3493 | D:5      | Noticed an angel
  3589 | D:6      | Noticed Blork the orc
  3596 | D:6      | Killed Blork the orc
  3596 | D:6      | Reached skill level 8 in Long Blades
  3886 | D:6      | Found a staircase to the Ecumenical Temple.
  3955 | D:6      | Reached skill level 9 in Long Blades
  4011 | Temple   | Entered the Ecumenical Temple
  4191 | D:6      | Noticed Pikel
  4234 | D:6      | Killed Pikel
  4234 | D:6      | Reached XP level 9. HP: 58/78 MP: 8/8
  4479 | D:6      | Noticed Dowan
  4482 | D:6      | Noticed Duvessa
  4491 | D:6      | Killed Duvessa
  4496 | D:6      | Killed Dowan
  4972 | D:7      | Reached skill level 10 in Long Blades
  5002 | D:7      | Noticed Joseph
  5041 | D:7      | Killed Joseph
  6138 | D:8      | Noticed a hill giant
  6150 | D:8      | Killed a hill giant
  6150 | D:8      | Reached skill level 11 in Long Blades
  6150 | D:8      | Reached XP level 10. HP: 36/86 MP: 9/9
  6682 | D:8      | Reached skill level 10 in Armour
  6797 | D:8      | Noticed a three-headed hydra
  6805 | D:8      | Killed a one-headed hydra
  7059 | D:8      | Found an ancient bone altar of Kikubaaqudgha.
  7130 | D:8      | Noticed a cyan ugly thing
  7171 | D:8      | Killed a cyan ugly thing
  7171 | D:8      | Reached skill level 12 in Long Blades
  7608 | D:4      | Noticed Grinder
  7624 | D:4      | Cast into level 2 of the Abyss (Queen's ghost)
  7647 | Abyss:2  | Noticed a wretched star
  7773 | Abyss:3  | Noticed a smoke demon
  7777 | Abyss:3  | Noticed a large abomination
  7844 | Abyss:4  | Noticed a starcursed mass
  7863 | Abyss:4  | Killed from afar by a starcursed mass

Skill      XL: |  1  2  3  4  5  6  7  8  9 10 |
---------------+-------------------------------+-----
Armour         | 4 5 7 8 9 10 | 10.4
Shields        | 4 5 6 8 9 |  9.7
Fighting       | 4 5 6 7 8 |  8.2
Long Blades    | 3 4 5 7 9 11 12 | 12.0
Dodging        | 1 2 |  2.9
Axes           | |  0.2
Stealth        | |  0.8

Action                   |  1- 3 |  4- 6 |  7- 9 | 10-12 || total
-------------------------+-------+-------+-------+-------++-------
Melee: Long sword        |    80 |   201 |   454 |   175 ||   910
       Headbutt          |    10 |    32 |    92 |    33 ||   167
       Hand axe          |       |       |       |    10 ||    10
  Use: Potion            |       |     1 |     1 |     2 ||     4
       Scroll            |       |       |    19 |     5 ||    24
  Eat: Chunk             |       |     6 |    11 |     4 ||    21
       Beef jerky        |       |       |       |     3 ||     3
       Fruit             |       |       |       |     2 ||     2
       Pizza             |       |       |       |     1 ||     1
Armor: Scale mail        |    25 |       |       |       ||    25
       Plate armour      |    18 |   168 |   230 |    94 ||   510
Dodge: Dodged            |    16 |    40 |    98 |    43 ||   197
Block: Shield            |    41 |   178 |   217 |   119 ||   555
       Rpst.: Long sword |     3 |    11 |    23 |     8 ||    45
